AoeStats
← NPG | Shimishi Maki

African Clearing

504614679Analyzed
3v3 RM · 26d ago on Sep 6, 2026· 34m 33s· 6 players
Game mode
Random Map
Map size
Normal (6 player)
Population
200
Speed
Normal
Resources
Standard
Victory
Conquest
Starting age
Dark Age
Ending age
Imperial Age
RankedLock teamsTeams togetherTeam positionsShared explorationLock speedFull tech treeHidden civsTurbo modeCheats
Victory
Defeat
🇨🇱 Khmer · Chile
1718
+11
🇨🇱 Magyars · Chile
1563
+17
🇨🇱 Mongols · Chile
1318
+26
🇫🇷 Persians · France
1610
-19
🇺🇸 Hindustanis · United States
1579
-18
🇫🇷 Turks · France
1562
-17
MooSpecial
9:29 Loom
11:43 Feudal Age
12:18 Double-Bit Axe
13:13 Horse Collar
21:33 Bloodlines
22:07 Forging
25:20 Castle Age
23:53 Gold Mining
24:46 Scale Mail Armor
26:29 Wheelbarrow
26:23 Bow Saw
28:12 Squires
30:39 Chain Mail Armor
32:04 Arson
34:45 Iron Casting
35:23 Hand Cart
76nateK
3:50 Loom
15:23 Feudal Age
15:59 Double-Bit Axe
15:49 Man-at-Arms
18:11 Fletching
24:53 Padded Archer Armor
26:03 Horse Collar
29:11 Scale Mail Armor
29:22 Forging
34:25 Castle Age
Ketan67
4:09 Loom
11:52 Feudal Age
14:25 Scale Barding Armor
17:58 Town Watch
19:45 Bloodlines
20:46 Forging
25:44 Castle Age
25:18 Double-Bit Axe
25:34 Light Cavalry
26:14 Husbandry
26:35 Husbandry
28:21 Iron Casting
31:29 Chain Barding Armor
NPG | Dequetelasdai
3:40 Loom
12:02 Feudal Age
13:27 Double-Bit Axe
18:59 Scale Barding Armor
20:15 Wheelbarrow
24:19 Wheelbarrow
27:47 Castle Age
26:23 Bloodlines
NPG EL POLLA RECORDS
9:29 Loom
11:44 Feudal Age
13:38 Double-Bit Axe
17:38 Forging
24:38 Castle Age
22:54 Horse Collar
23:37 Gold Mining
24:47 Scale Barding Armor
25:35 Bloodlines
29:15 Wheelbarrow
34:43 Iron Casting
NPG | Shimishi Maki
9:36 Loom
11:43 Feudal Age
12:39 Double-Bit Axe
13:14 Horse Collar
15:01 Forging
17:23 Bloodlines
22:24 Castle Age
21:51 Scale Barding Armor
22:32 Light Cavalry
23:23 Bow Saw
26:40 Town Watch
32:08 Heavy Plow
34:12 Wheelbarrow
34:50 Chain Barding Armor
Connection lost

Rejoining the realm…

Still unreachable

The connection could not be restored.

Session expired

The server has moved on; the page needs a fresh start.